 Dungeon Crawl Stone Soup version 0.21.1-1-g345015f (webtiles) character file.

14004 tyranidshit the Fighter (level 11, 0/104 HPs)
             Began as a Demonspawn Abyssal Knight on July 26, 2018.
             Was the Champion of Lugonu.
             Shot with a bolt by an orc warrior (15 damage)
             ... in a bailey.
             The game lasted 00:34:33 (9775 turns).

tyranidshit the Fighter (Demonspawn Abyssal Knight) Turns: 9775, Time: 00:34:34

Health: 0/104      AC: 21    Str: 17    XL:     11   Next: 83%
Magic:  17/17      EV:  6    Int: 17    God:    Lugonu [******]
Gold:   223        SH:  3    Dex: 18    Spells: 4/10 levels left

rFire    + . .     SeeInvis .   a - +2 hand axe
rCold    . . .     Gourm    .   (no shield)
rNeg     . . .     Faith    .   p - +0 plate armour
rPois    .         Spirit   .   (helmet restricted)
rElec    .         Reflect  +   (no cloak)
rCorr    .         Harm     .   z - +0 pair of gloves
MR       .....                  j - +2 pair of boots
Stlth    ..........             C - amulet "Zok Cenewk" {Reflect Fragile Slay+5 SH+3}
HPRegen  0.27/turn              g - +6 ring of slaying
MPRegen  0.15/turn              f - +6 ring of dexterity

@: no status effects
A: horns 1, yellow scales 2, clever 1, demonic guardian 1, fire resistance 1,
ignite blood, robust 1, strong 1, flame cloud immunity
a: Depart the Abyss, Bend Space, Banish, Corrupt, Enter the Abyss, Brand Weapon
With Distortion, Renounce Religion


You were in a bailey.
You worshipped Lugonu.
Lugonu was exalted by your worship.
You were not hungry.

You visited 2 branches of the dungeon, and saw 13 of its levels.
You visited the Abyss 1 time.
You also visited: Sewer and Bailey.

You collected 756 gold pieces.
You spent 533 gold pieces at shops.

Inventory:

Hand Weapons
 a - a +2 hand axe (weapon)
 b - a +0 battleaxe
Armour
 j - a +2 pair of boots (worn)
 p - a +0 plate armour (worn)
 z - a +0 pair of gloves (worn)
 E - a +0 pair of boots
Jewellery
 e - an uncursed ring of protection from cold
 f - a +6 ring of dexterity (right hand)
 g - a +6 ring of slaying (left hand)
 h - an uncursed ring of wizardry
 n - an uncursed amulet of harm
 t - an uncursed amulet of regeneration
 v - an uncursed ring of fire
 w - an uncursed amulet of the gourmand
 C - the amulet "Zok Cenewk" (around neck) {Reflect Fragile Slay+5 SH+3}
   (You bought it in a shop on level 9 of the Dungeon)

   [amulet of reflection]

   It shields you and reflects attacks.
   It affects your accuracy and damage with ranged weapons and melee attacks
   (+5).
   It will be destroyed if unequipped.
   It affects your SH (+3).
 D - an uncursed ring of protection from fire
Wands
 r - a wand of iceblast (10)
 A - a wand of flame (55)
Scrolls
 d - 8 scrolls of identify
 i - 7 scrolls of teleportation
 q - 2 scrolls of amnesia
 s - a scroll of blinking
 x - a scroll of vulnerability
 y - 7 scrolls of remove curse
 B - a scroll of fear
 F - a scroll of enchant weapon
Potions
 k - a potion of magic
 l - 2 potions of curing
Books
 u - a book of Callings

   Spells                             Type                      Level
   a - Summon Small Mammal            Summoning                    1
   b - Call Imp                       Summoning                    2
   c - Call Canine Familiar           Summoning                    3
   d - Summon Guardian Golem          Hexes/Summoning              3
   e - Summon Lightning Spire         Summoning/Air                4
   f - Summon Ice Beast               Ice/Summoning                4
Comestibles
 c - 7 rations


   Skills:
 - Level 12.0 Fighting
 + Level 8.8 Axes
 - Level 7.5 Armour
 - Level 0.8 Dodging
 - Level 9.0 Invocations
 - Level 6.4 Evocations


You had 4 spell levels left.
You knew the following spells:

 Your Spells              Type           Power        Failure   Level  Hunger
a - Apportation           Tloc           #.....       100%        1    ##.....
b - Animate Skeleton      Necr           N/A          100%        1    ##.....
c - Petrify               Tmut/Erth      #.......     100%        4    #####..


Dungeon Overview and Level Annotations

Branches:
Dungeon (12/15)            Temple (1/1) D:7            Lair (0/6) D:10
    Orc (0/2) D:10

Altars:
Ashenzari
Cheibriados
Elyvilon
Fedhas
Hepliaklqana
Kikubaaqudgha
Makhleb
Nemelex Xobeh
Okawaru
Qazlal
Ru
Sif Muna
Trog
Uskayaw
Vehumet
Wu Jian
Xom
Yredelemnul
Zin
The Shining One

Shops:
D:9 =   D:10 *


Innate Abilities, Weirdness & Mutations

You have a pair of small horns on your head.
You are mostly covered in yellow scales. (AC +3)
A weak demonic guardian rushes to your aid.
Your flesh is heat resistant. (rF+)
Your demonic aura causes spilled blood to erupt in flames.
You are immune to clouds of flame.
Your mind is acute. (Int +2)
You are robust. (+10% HP)
Your muscles are strong. (Str +2)


Message History

The orc shoots a bolt.
The bolt hits your iron imp.
The orc shoots a bolt.
The bolt hits you.
* * * LOW HITPOINT WARNING * * *
You see here a bolt.
The orc warrior shoots a bolt.
The bolt hits you!
* * * LOW HITPOINT WARNING * * *
You see here a bolt.
The orc shoots a bolt.
The bolt hits you but does no damage.
The orc warrior shoots a bolt.
You reflect the bolt off an invisible shield around you!
The bolt hits the orc warrior.
There is a gate leading back out of this place here.
Your iron imp disappears in a puff of smoke!
An orc warrior comes into view. It is wielding an arbalest.
The orc warrior shouts!
The orc warrior shoots a bolt.
You reflect the bolt off an invisible shield around you!
The bolt barely misses the orc warrior.
The orc warrior shoots a bolt.
The bolt hits you!
You die...

#############
#@...........
#.∩..........
#.5(.........
#....(.......
#...(.(......
#.......o....
#.......≈≈≈≈≈
#......≈≈#o#≈
#......≈##o#


You could see an orc warrior and a friendly ufetubus.

Vanquished Creatures
  3 two-headed ogres
  4 death yaks (D:10)
  Nergalle (D:10)
  The ghost of Lilu the Destroyer, a novice DECj of Vehumet (D:7)
  An ugly thing (D:11)
  The ghost of Arttu the Slasher, a novice HOBe of Trog (D:5)
  2 trolls
  A vampire (D:12)
  A spriggan (D:7)
  2 wyverns
  6 yaks (D:11)
  3 hungry ghosts
  A sky beast (D:11)
  3 orc warriors
  3 black bears
  The ghost of MrElk the Slasher, an amateur MiBe of Trog (D:3)
  2 eyes of draining
  An ice beast (D:7)
  4 phantoms
  5 ogres
  2 centaurs
  4 bullfrogs
  A big kobold (D:8)
  A wyvern zombie (D:7)
  7 wights
  9 killer bees (D:9)
  An electric eel (D:8)
  4 crimson imps
  4 howler monkeys
  2 bullfrog zombies
  2 quasits
  2 centaur zombies
  4 jellies
  2 orc priests
  2 hounds
  8 orc wizards
  3 bullfrog skeletons
  3 iguanas (D:9)
  5 worker ants
  7 ogre zombies (D:10)
  3 hound skeletons (D:4)
  5 gnolls
  A howler monkey skeleton (D:4)
  16 adders
  A shadow imp (D:5)
  2 oozes
  4 adder skeletons
  2 worms (D:4)
  4 dart slugs
  10 leopard geckos
  27 orcs
  6 ball pythons
  4 giant cockroaches
  10 goblins
  9 hobgoblins
  26 jackals
  4 bats
  6 frilled lizards
  2 goblin zombies (D:10)
  A hobgoblin skeleton (D:10)
  6 hobgoblin zombies (D:10)
  26 kobolds
  A leopard gecko skeleton (D:6)
  2 orc skeletons (D:10)
  13 orc zombies (D:10)
  6 rats
316 creatures vanquished.

Vanquished Creatures (collateral kills)
  A hornet (D:12)
  A hippogriff (D:8)
  A wyvern (D:8)
  A big kobold (D:11)
  Blork the orc (D:4)
  A bullfrog (D:6)
  2 wights (D:10)
  An orc wizard (D:4)
  A jelly (D:5)
  2 orc priests
  An iguana (D:7)
  A killer bee zombie (D:5)
  An ogre zombie (D:10)
  A leopard gecko (D:10)
  4 orcs
  A jackal (D:7)
  A kobold (D:8)
  An orc zombie (D:10)
23 creatures vanquished.

Vanquished Creatures (others)
  A death yak (D:9)
  An orc (D:7)
  A quokka (D:10)
3 creatures vanquished.

Grand Total: 342 creatures vanquished

Notes
Turn   | Place    | Note
-------+----------+-------------------------------------------
     0 | Abyss:1  | tyranidshit the Demonspawn Abyssal Knight began the quest for the Orb.
     0 | Abyss:1  | Reached XP level 1. HP: 18/18 MP: 2/2
    33 | Abyss:1  | Noticed a small abomination
    39 | Abyss:1  | Noticed an ancient zyme
    40 | D:1      | Escaped the Abyss
   118 | D:1      | Gained mutation: You are partially covered in yellow scales. (AC +2) [demonic ancestry]
   118 | D:1      | Reached XP level 2. HP: 1/24 MP: 3/3
   483 | D:1      | Reached * piety under Lugonu
   508 | D:1      | Reached skill level 4 in Fighting
   528 | D:1      | Gained mutation: Your muscles are strong. (Str +2) [potion of mutation]
   528 | D:1      | Gained mutation: You are robust. (+10% HP) [potion of mutation]
   528 | D:1      | Gained mutation: Your mind is acute. (Int +2) [potion of mutation]
   571 | D:1      | Reached XP level 3. HP: 31/33 MP: 4/4
   989 | D:2      | Found a burning altar of Makhleb.
  1104 | D:2      | Gained mutation: You are mostly covered in yellow scales. (AC +3) [demonic ancestry]
  1104 | D:2      | Reached XP level 4. HP: 25/41 MP: 5/5
  1115 | D:2      | Reached skill level 5 in Fighting
  1650 | D:3      | Reached ** piety under Lugonu
  1748 | D:3      | Found a glowing drain.
  1752 | Sewer    | Entered a sewer
  1833 | Sewer    | Gained mutation: A weak demonic guardian rushes to your aid. [demonic ancestry]
  1833 | Sewer    | Reached XP level 5. HP: 50/50 MP: 6/6
  2274 | D:3      | Found a hide-covered altar of Uskayaw.
  2274 | D:3      | Found a sparkling altar of Nemelex Xobeh.
  2304 | D:3      | Reached *** piety under Lugonu
  2306 | D:3      | Reached skill level 6 in Fighting
  2333 | D:3      | Noticed MrElk's ghost (amateur MiBe)
  2347 | D:3      | Killed MrElk's ghost
  2489 | D:4      | Reached XP level 6. HP: 56/58 MP: 7/7
  2511 | D:4      | Reached skill level 7 in Fighting
  2768 | D:4      | Noticed Blork the orc
  2773 | D:4      | Killed Blork the orc
  2929 | D:4      | You fall through a shaft for 2 floors!
  2945 | D:6      | Gained mutation: You have a pair of small horns on your head. [demonic ancestry]
  2945 | D:6      | Reached XP level 7. HP: 51/66 MP: 8/8
  3018 | D:6      | Found an ancient bone altar of Kikubaaqudgha.
  3103 | D:5      | Entered Level 5 of the Dungeon
  3104 | D:5      | Found a glowing silver altar of Zin.
  3284 | D:5      | Found a glowing golden altar of the Shining One.
  3293 | D:5      | Reached skill level 5 in Armour
  3328 | D:5      | Reached **** piety under Lugonu
  3381 | D:5      | Noticed Arttu's ghost (novice HOBe)
  3430 | D:5      | Killed Arttu's ghost
  3430 | D:5      | Reached XP level 8. HP: 68/73 MP: 8/11
  3513 | D:5      | Reached skill level 5 in Invocations
  3552 | D:5      | Got a pitted leather armour
  3556 | D:5      | Identified the +2 leather armour of the Snake Pit {rPois rN+++ Str+2 Int+2} (You found it on level 5 of the Dungeon)
  3558 | D:5      | Found a glowing silver altar of Zin.
  3615 | D:5      | Learned a level 1 spell: Apportation
  3617 | D:5      | Learned a level 1 spell: Animate Skeleton
  3852 | D:4      | Found a white marble altar of Elyvilon.
  4859 | D:6      | Found a white marble altar of Elyvilon.
  4902 | D:6      | Found a shattered altar of Ashenzari.
  5428 | D:7      | Found a staircase to the Ecumenical Temple.
  5446 | Temple   | Entered the Ecumenical Temple
  5452 | Temple   | Learned a level 4 spell: Petrify
  5477 | D:7      | Noticed Lilu's ghost (novice DECj)
  5791 | D:7      | Killed Lilu's ghost
  5791 | D:7      | Gained mutation: Your flesh is heat resistant. (rF+) [demonic ancestry]
  5791 | D:7      | Reached XP level 9. HP: 49/79 MP: 11/14
  6005 | D:7      | Reached ***** piety under Lugonu
  6005 | D:7      | Reached skill level 5 in Evocations
  6559 | D:8      | Found a deep blue altar of Sif Muna.
  7291 | D:9      | Reached skill level 8 in Fighting
  7336 | D:9      | Gained mutation: You are immune to clouds of flame. [demonic ancestry]
  7336 | D:9      | Reached XP level 10. HP: 88/88 MP: 16/16
  7391 | D:9      | Found Epauputz's Jewellery Shop.
  7410 | D:9      | Noticed a two-headed ogre
  7416 | D:9      | Killed a two-headed ogre
  7472 | D:9      | Reached skill level 9 in Fighting
  7923 | D:10     | Entered Level 10 of the Dungeon
  7929 | D:10     | Noticed a death yak
  7929 | D:10     | Noticed a death yak
  7935 | D:10     | Noticed a death yak
  7937 | D:10     | Noticed a death yak
  7944 | D:9      | Banished a death yak
  7944 | D:9      | Reached skill level 10 in Fighting
  8201 | D:9      | Bought the amulet "Zok Cenewk" {Reflect Fragile Slay+5 SH+3} for 533 gold pieces
  8236 | D:10     | Noticed a death yak
  8238 | D:10     | Noticed Nergalle
  8238 | D:10     | Killed a death yak
  8238 | D:10     | Reached skill level 11 in Fighting
  8292 | D:10     | Found Ezatoe's Demolitions Depot.
  8381 | D:10     | Reached ****** piety under Lugonu
  8409 | D:10     | Killed Nergalle
  8453 | D:10     | Found a staircase to the Lair.
  8538 | D:10     | Found a staircase to the Orcish Mines.
  8546 | D:10     | Gained mutation: Your demonic aura causes spilled blood to erupt in flames. [demonic ancestry]
  8546 | D:10     | Reached XP level 11. HP: 65/104 MP: 17/17
  8550 | D:10     | Reached skill level 12 in Fighting
  8674 | D:10     | Killed a death yak
  8680 | D:10     | Killed a death yak
  8685 | D:10     | Killed a death yak
  8685 | D:10     | Reached skill level 5 in Axes
  8896 | D:11     | Noticed a two-headed ogre
  8901 | D:11     | Killed a two-headed ogre
  9119 | D:11     | Noticed a two-headed ogre
  9124 | D:11     | Killed a two-headed ogre
  9438 | D:11     | Noticed a red ugly thing
  9442 | D:11     | Killed a red ugly thing
  9728 | D:12     | Found a flagged portal.
  9742 | Bailey   | Entered a bailey
  9775 | Bailey   | Shot with a bolt by an orc warrior

Skill      XL: |  1  2  3  4  5  6  7  8  9 10 11 |
---------------+----------------------------------+-----
Fighting       | 4 5 6 7 8 11 12 | 12.0
Armour         | 4 5 7 |  7.5
Invocations    | 4 6 9 |  9.0
Evocations     | 2 4 6 |  6.4
Axes           | 8 |  8.8
Dodging        | |  0.8

Action                   |  1- 3 |  4- 6 |  7- 9 | 10-12 || total
-------------------------+-------+-------+-------+-------++-------
Melee: Hand axe          |   129 |   146 |   245 |   288 ||   808
       Battleaxe         |       |     7 |     4 |       ||    11
       Headbutt          |       |       |    74 |    80 ||   154
Invok: Depart the Abyss  |     1 |       |       |       ||     1
       Banish            |       |       |       |     1 ||     1
Evoke: Wand              |       |       |     5 |     5 ||    10
  Use: Scroll            |     4 |     8 |     9 |     4 ||    25
       Potion            |     5 |     3 |     3 |     5 ||    16
 Stab: Distracted        |       |       |     4 |     1 ||     5
  Eat: Ration            |     1 |     1 |     5 |     4 ||    11
Armor: Leather armour    |    50 |    60 |       |       ||   110
       Plate armour      |       |    37 |   246 |   257 ||   540
Dodge: Dodged            |    91 |    86 |    76 |    98 ||   351
Block: Other             |       |       |       |    33 ||    33
       Reflection        |       |       |       |     3 ||     3
